 Dungeon Crawl Stone Soup version 0.18-a0-846-g91b95b1 (webtiles) character file.

811 JokEr the Spear-Bearer (level 7, 56/59 HPs)
             Began as a Merfolk Gladiator on Dec 20, 2015.
             Was a Believer of Okawaru.
             Quit the game on level 5 of the Dungeon.
             The game lasted 00:12:23 (4139 turns).

JokEr the Spear-Bearer (Merfolk Gladiator)          Turns: 4139, Time: 00:12:23

Health: 56/59      AC: 11    Str: 17    XL:     7   Next: 93%
Magic:  7/7        EV:  6    Int:  8    God:    Okawaru [**....]
Gold:   199        SH:  0    Dex: 14    Spells: 0 memorised, 6 levels left

rFire  . . .     SeeInvis .     a - +1 trident
rCold  . . .     Gourm    .     q - +0 plate armour
rNeg   . . .     Faith    .     (no shield)
rPois  .         Spirit   .     c - +0 helmet
rElec  .         Dismiss  .     (no cloak)
rCorr  .         Reflect  .     (no gloves)
SustAt .         Harm     .     (no boots)
MR     .....                    (no amulet)
Stlth  ..........               (no ring)
                                (no ring)

@: not resistant to hostile enchantments, extremely unstealthy
A: change form in water, swift swim
a: Heroism, Renounce Religion


You were on level 5 of the Dungeon.
You worshipped Okawaru.
Okawaru was pleased with you.
You were not hungry.

You visited 1 branch of the dungeon, and saw 5 of its levels.
You also visited: Sewer.

You collected 199 gold pieces.

Inventory:

Hand Weapons
 a - a +1 trident (weapon)
 v - a +1 vampiric spear
Missiles
 d - 3 throwing nets (quivered)
Armour
 c - a +0 helmet (worn)
 q - a +0 plate armour (worn)
Jewellery
 s - an uncursed ring of see invisible {unknown}
 y - an uncursed amulet of faith {unknown}
Scrolls
 e - 3 scrolls of recharging
 p - a scroll of blinking
 x - 2 scrolls of identify {unknown}
 A - 2 scrolls of remove curse {unknown}
Potions
 g - a potion of poison {unknown}
 h - a potion of might {unknown}
 i - 2 potions of invisibility {unknown}
 j - a potion of resistance {unknown}
 l - a potion of brilliance {unknown}
 m - a potion of berserk rage {unknown}
 o - a potion of mutation {unknown}
 t - 3 potions of haste {unknown}
 w - a potion of magic {unknown}
Books
 k - a book of Beasts

   Spells                             Type                      Level
   a - Summon Butterflies             Summoning                    1
   b - Call Canine Familiar           Summoning                    3
   c - Summon Ice Beast               Ice/Summoning                4
   d - Summon Mana Viper              Hexes/Summoning              5
   e - Summon Hydra                   Summoning                    7
 u - a book of Death

   Spells                             Type                      Level
   a - Corpse Rot                     Necromancy                   2
   b - Sublimation of Blood           Necromancy                   2
   c - Agony                          Necromancy                   5
   d - Dispel Undead                  Necromancy                   5
   e - Excruciating Wounds            Charms/Necromancy            5
   f - Bolt of Draining               Conjuration/Necromancy       5
Comestibles
 f - a bread ration
 n - 3 meat rations
 r - a slice of pizza


   Skills:
 + Level 6.8 Fighting
 + Level 9.8 Polearms
 - Level 2.0 Throwing
 - Level 4.0 Dodging


You had 6 spell levels left.
You didn't know any spells.

Dungeon Overview and Level Annotations

Branches:
Dungeon (5/15)
 Temple: D:4-7

Altars:
Okawaru
Sif Muna
The Shining One

Annotations:
D:4 tof's ghost, amateur MiFi


Message History

The giant frog skeleton barely misses you.
You hit the giant frog skeleton.
The giant frog skeleton hits you but does no damage.
You hit the giant frog skeleton but do no damage.
The giant frog skeleton hits you.
You hit the giant frog skeleton.
The giant frog skeleton hits you but does no damage.
You hit the giant frog skeleton.
The giant frog skeleton closely misses you.
The giant frog skeleton hits you.
You puncture the giant frog skeleton!
You destroy the giant frog skeleton!
Okawaru accepts your kill.
No target in view!
No target in view!
A jelly comes into view.
The jelly quivers.
Found 16 gold pieces.
A hound comes into view.
Are you sure you want to abandon this character and quit the game? (Confirm with "yes".)

#. #####...#
#. #.......#
#. #.###...#
#.###...#
#.##....#
#.##.##.###
####.........#
#.......####.#
#.#####@### ..
#.#####...#
.....J..#.#
....h##.#.#
.... ..... ...
...#.## ..
.$..#.# .
####....
#.....


There were no monsters in sight!

Vanquished Creatures
  Duvessa (D:4)
  Purgy (Sewer)
  A phantom (D:4)
  Dowan (D:4)
  A scorpion (D:4)
  3 orc priests
  A centaur skeleton (D:4)
  A giant frog skeleton (D:5)
  An iguana (D:4)
  Ijyb (D:3)
  3 orc wizards
  4 adders
  3 gnolls (D:3)
  5 worms (D:3)
  6 giant geckos
  4 orcs (D:3)
  12 bats
  4 giant cockroaches (D:3)
  11 goblins
  6 hobgoblins
  10 jackals
  A giant gecko skeleton (D:5)
  4 giant newts
  5 kobolds
  A quokka skeleton (D:4)
  7 rats
98 creatures vanquished.

Notes
Turn   | Place    | Note
--------------------------------------------------------------
     0 | D:1      | JokEr the Merfolk Gladiator began the quest for the Orb.
     0 | D:1      | Reached XP level 1. HP: 16/16 MP: 1/1
    67 | D:1      | Reached XP level 2. HP: 17/23 MP: 2/2
   241 | D:1      | Reached skill level 5 in Polearms
   623 | D:1      | Reached XP level 3. HP: 28/28 MP: 3/3
  1218 | D:2      | Reached XP level 4. HP: 35/35 MP: 4/4
  1375 | D:2      | Reached skill level 6 in Polearms
  1516 | D:3      | Found an iron altar of Okawaru.
  1533 | D:3      | Became a worshipper of Warmaster Okawaru
  1641 | D:3      | Found a glowing drain.
  1645 | Sewer    | Entered a sewer
  1698 | Sewer    | Noticed Purgy
  1715 | Sewer    | Killed Purgy
  1715 | Sewer    | Reached * piety under Okawaru
  1715 | Sewer    | Reached skill level 7 in Polearms
  1715 | Sewer    | Reached XP level 5. HP: 14/43 MP: 5/5
  2118 | D:3      | Noticed Ijyb
  2142 | D:3      | Killed Ijyb
  2378 | D:3      | Reached XP level 6. HP: 43/49 MP: 6/6
  2476 | D:3      | Reached skill level 5 in Fighting
  2570 | D:3      | Reached skill level 8 in Polearms
  2935 | D:4      | Noticed tof's ghost (amateur MiFi)
  3270 | D:4      | Reached XP level 7. HP: 28/57 MP: 5/7
  3284 | D:4      | Reached ** piety under Okawaru
  3485 | D:4      | Found a glowing golden altar of the Shining One.
  3574 | D:4      | Noticed Duvessa
  3574 | D:4      | Noticed Dowan
  3591 | D:4      | Reached skill level 9 in Polearms
  3610 | D:4      | Killed Duvessa
  3663 | D:4      | HP: 2/59 [Dowan/shard of ice (18)]
  3688 | D:4      | Killed Dowan
  3939 | D:4      | Found a deep blue altar of Sif Muna.
  4083 | D:5      | Entered Level 5 of the Dungeon
  4139 | D:5      | Quit the game

Vault maps used:
D:1:      scummos_arrival_simple_crosswalls, minmay_misc_feat_columns
D:2:      minmay_stone_trees_medium
D:3:      old_standard_altar, gup_sewer_entry_spiral, first_bread, uniq_iyjb
D:4:      nicolae_overflow_crystal_walls, tso_metal_star, uniq_duvessa
D:5:      nicolae_dithmenos_through_a_glass_darkly, overflow_temple_1_default,
          vehumet_crystals, serial_shops,
          nicolae_shop_temple_entry_statues_fountains, uniq_prince_ribbit1,
          uniq_pikel, uniq_eustachio
Sewer:    sewer_big_baddie

Action                   |  1- 3 |  4- 6 |  7- 9 || total
-------------------------+-------+-------+-------++-------
Melee: Trident           |   137 |   249 |    69 ||   455
Invok: Heroism           |       |     1 |     1 ||     2
  Use: Scroll            |       |     6 |       ||     6
       Potion            |       |     2 |     3 ||     5
 Stab: Sleeping          |       |     1 |       ||     1
  Eat: Chunk             |     1 |     7 |     1 ||     9
       Bread ration      |       |       |     1 ||     1
